 Dungeon Crawl Stone Soup version 0.23-a0-619-g281719c6f9 (webtiles) character file.

840 Pixllover the Chopper (level 7, -2/91 HPs)
             Began as a Minotaur Berserker on Dec 23, 2018.
             Was an Elder of Trog.
             Succumbed to a gnoll's poison
             ... on level 5 of the Dungeon.
             The game lasted 00:12:42 (3094 turns).

Pixllover the Chopper (Minotaur Berserker)          Turns: 3094, Time: 00:12:42

Health: -2/91      AC:  8    Str: 29    XL:     7   Next: 67%
Magic:  6/6        EV: 12    Int:  4    God:    Trog [****..]
Gold:   190        SH:  0    Dex:  9    Spells: 6/6 levels left

rFire    . . .     SeeInvis .   w - +0 war axe
rCold    + . .     Gourm    .   (no shield)
rNeg     . . .     Faith    .   t - +2 ring mail {rC+}
rPois    .         Spirit   .   (helmet restricted)
rElec    .         Reflect  .   (no cloak)
rCorr    .         Harm     .   (no gloves)
MR       .....                  (no boots)
Stlth    ..........             (no amulet)
HPRegen  0.25/turn              (no ring)
MPRegen  0.10/turn              (no ring)

@: berserking, lethally poisoned (-2 -> -70), very quick
A: retaliatory headbutt, horns 2
a: Berserk, Trog's Hand, Brothers in Arms, Renounce Religion


You were on level 5 of the Dungeon.
You worshipped Trog.
Trog was greatly pleased with you.
You were very hungry.

You visited 1 branch of the dungeon, and saw 5 of its levels.

You collected 190 gold pieces.

Inventory:

Hand Weapons
 v - a +4 quarterstaff of chaos
 w - a +0 war axe (weapon)
Missiles
 o - 4 javelins (quivered)
Armour
 t - a +2 ring mail of cold resistance (worn)
Wands
 u - a wand of flame (17)
 x - a wand of digging (2)
Scrolls
 a - a scroll of fog {unknown}
 b - 5 scrolls of identify
 d - a scroll of magic mapping
 e - 5 scrolls of teleportation
 g - 2 scrolls of remove curse {unknown}
 h - a scroll of blinking {unknown}
 j - a scroll of noise {unknown}
 k - a scroll of random uselessness {unknown}
 n - a scroll of enchant armour {unknown}
 q - 2 scrolls of amnesia {unknown}
 r - 2 scrolls of fear {unknown}
 s - a scroll of immolation {unknown}
Potions
 f - 3 potions of curing
 i - 3 potions of agility
 l - 2 potions of flight
 p - 2 potions of brilliance {unknown}
Comestibles
 c - 6 rations
 m - a chunk of flesh


   Skills:
 + Level 5.3 Fighting
 + Level 6.6 Axes
 - Level 1.3 Staves
 * Level 3.9 Throwing
 + Level 5.3 Armour
 + Level 3.5 Dodging
   Level 0.3 Shields


You had 6 spell levels left.
You didn't know any spells.
Your spell library was empty.

Dungeon Overview and Level Annotations

Branches:
Dungeon (5/15)
 Temple: D:4-7

Altars:
Elyvilon
Okawaru
Yredelemnul


Innate Abilities, Weirdness & Mutations

You reflexively headbutt those who attack you in melee.
You have a pair of horns on your head.


Message History

You feel very sick.
The gnoll hits you from afar with a +0 spear of venom!
* * * LOW HITPOINT WARNING * * *
You are more poisoned.
A gnoll comes into view.
* * * LOW HITPOINT WARNING * * *
You feel very sick.
The gnoll shouts!
Things that are here:
a +0 flail; a gnoll corpse; a leopard gecko corpse You slash the gnoll!
The gnoll is heavily wounded.
* * * LOW HITPOINT WARNING * * *
You feel very sick. The gnoll hits you but does no damage.
You are more poisoned.
You slice the gnoll!!
You kill the gnoll!
Trog accepts your kill.
You die...

.. #.. ..#..# #.##..#
#....###...#...
##....#.##....#
#++#.............#
.................#
..........#..).#
##......#..?####.#
###.......?..@†....#
###......#(....).......
##........##............
#...........((..#.....#.
###....#..#.##.....#....
###...##..####....#g....
.##..##..##..##.......##
.(.............=.....##
...........#####


You could see a gnoll.

Vanquished Creatures
  A phantom (D:4)
  A scorpion (D:4)
  2 hounds
  Crazy Yiuf (D:3)
  An orc wizard (D:4)
  5 orc priests (D:3)
  Jessica (D:3)
  2 iguanas
  Terence (D:3)
  3 worker ants
  9 gnolls
  3 adders
  An ooze (D:3)
  2 adder skeletons (D:4)
  3 worms
  3 dart slugs
  A dart slug (shapeshifter) (D:4)
  5 leopard geckos
  22 orcs
  2 giant cockroaches
  7 goblins
  8 hobgoblins
  3 jackals
  8 kobolds
  8 bats
  7 frilled lizards
  9 rats
119 creatures vanquished.

Notes
Turn   | Place    | Note
-------+----------+-------------------------------------------
     0 | D:1      | Pixllover the Minotaur Berserker began the quest for the
                  | Orb.
     0 | D:1      | Reached XP level 1. HP: 19/19 MP: 0/0
   244 | D:1      | Reached XP level 2. HP: 24/27 MP: 1/1
   386 | D:1      | Reached skill level 4 in Axes
   913 | D:2      | Reached XP level 3. HP: 33/33 MP: 2/2
   916 | D:2      | Reached ** piety under Trog
  1289 | D:3      | Reached skill level 1 in Throwing
  1289 | D:3      | Reached XP level 4. HP: 34/40 MP: 3/3
  1309 | D:3      | Reached skill level 5 in Axes
  1416 | D:3      | Reached XP level 5. HP: 46/47 MP: 4/4
  1435 | D:3      | Found an iron altar of Okawaru.
  1438 | D:3      | Reached *** piety under Trog
  1514 | D:3      | Noticed Terence
  1529 | D:3      | Killed Terence
  1604 | D:3      | Noticed Jessica
  1613 | D:3      | Killed Jessica
  1836 | D:3      | Reached XP level 6. HP: 32/55 MP: 5/5
  1845 | D:3      | Reached skill level 6 in Axes
  2229 | D:3      | Found a runed door.
  2233 | D:3      | Noticed Crazy Yiuf
  2241 | D:3      | Killed Crazy Yiuf
  2417 | D:4      | Found a basalt altar of Yredelemnul.
  2470 | D:4      | Reached skill level 5 in Fighting
  2486 | D:4      | Reached XP level 7. HP: 39/61 MP: 6/6
  2718 | D:4      | Reached skill level 1 in Staves
  2785 | D:4      | Reached skill level 5 in Armour
  2899 | D:4      | Found a white marble altar of Elyvilon.
  2982 | D:5      | Entered Level 5 of the Dungeon
  3087 | D:5      | Reached **** piety under Trog
  3093 | D:5      | HP: 3/91 [poisoned by a gnoll]
  3094 | D:5      | Succumbed to a gnoll's poison

Vault maps used:
D:1:      scummos_arrival_simple_fountains
D:3:      okawaru_altar_gauntlet_db, uniq_terence, uniq_jessica,
          uniq_crazy_yiuf_cottage
D:4:      kennysheep_ying_yang, minmay_crossroads
D:5:      serial_shops, shop, serial_gnoll_camp, gnoll_camp_mini_hut,
          gnoll_camp_huts_basic, gnoll_camp_mini_hut, gnoll_camp_mini_house,
          gnoll_camp_mini_doghouse, first_ration, uniq_grinder, uniq_pikel

Skill      XL: |  1  2  3  4  5  6  7 |
---------------+----------------------+-----
Fighting       | 4 5 |  5.3
Axes           | 4 5 6 |  6.6
Armour         | 3 4 5 |  5.3
Throwing       | 1 2 3 |  3.9
Dodging        | 3 |  3.5
Staves         | 1 |  1.3
Shields        | |  0.3

Action                   |  1- 3 |  4- 6 |  7- 9 || total
-------------------------+-------+-------+-------++-------
Melee: Hand axe          |    95 |   116 |       ||   211
       Headbutt          |    19 |    26 |    12 ||    57
       Quarterstaff      |       |    29 |     5 ||    34
       War axe           |       |       |    46 ||    46
Invok: Berserk           |       |       |     2 ||     2
  Use: Scroll            |     3 |     2 |     3 ||     8
  Eat: Chunk             |     1 |     4 |     3 ||     8
Armor: Scale mail        |    45 |     7 |       ||    52
       Ring mail         |       |    48 |    16 ||    64
Dodge: Dodged            |    57 |    71 |    39 ||   167
Block: Shield            |       |    18 |       ||    18

Table legend:
 A = Non-vault XP
 B = Vault XP
 C = Vault XP percentage of total XP
 D = Non-vault monster count
 E = Vault monster count
 F = Vault count percentage of total count
                 A         B        C        D         E       F
            +---------+---------+-------+---------+---------+-------
      Total |     914 |     287 |  23.9 |     103 |      16 |  13.4
            +---------+---------+-------+---------+---------+-------
        D:1 |      35 |       0 |   0.0 |      19 |       0 |   0.0
        D:2 |      32 |       0 |   0.0 |      18 |       0 |   0.0
        D:3 |     333 |     140 |  29.6 |      40 |       9 |  18.4
        D:4 |     469 |      48 |   9.3 |      23 |       2 |   8.0
        D:5 |      45 |      99 |  68.8 |       3 |       5 |  62.5
            +---------+---------+-------+---------+---------+-------
